 Dungeon Crawl Stone Soup version 0.29.1-1-gd02db69 (webtiles) character file.

Game seed: 16797893244437495606

88899 Kel the Warrior (level 15, -10/105 HPs)
             Began as a Gargoyle Fighter on Nov 23, 2022.
             Was the Champion of Trog.
             Mangled by a wolf spider (15 damage)
             ... on level 2 of the Spider Nest.
             The game lasted 01:15:27 (22848 turns).

Kel the Warrior (Gargoyle Fighter)                 Turns: 22848, Time: 01:15:28

Health: -10/105    AC: 40    Str: 26    XL:     15   Next: 95%
Magic:  15/15      EV: 12    Int: 10    God:    Trog [******]
Gold:   2917       SH:  0    Dex:  9    Spells: 14/14 levels left

rFire   + + .      SeeInvis +   K - +0 battleaxe of Lechof {freeze, rPois rF++ Stlth-}
rCold   + . .      Faith    .   (shield currently unavailable)
rNeg    + . .      Spirit   .   I - +3 plate armour
rPois   ∞          Reflect  .   a - +0 mask of the Dragon {Will+ Slay+3 SInv}
rElec   +          Harm     .   D - +2 cloak {rCorr}
rCorr   +          Rampage  .   v - +0 pair of gloves
Will    ++...      Clarity  +   n - +2 pair of boots
Stlth   ..........              B - amulet of regeneration
HPRegen 1.07/turn               P - +4 ring of evasion
MPRegen 0.14/turn               F - +4 ring of slaying

@: flying
A: sickness immunity, AC +11, big wings, negative energy resistance 1,
electricity resistance, torment resistance 1, petrification resistance, clarity,
cold resistance 1
a: Renounce Religion, Berserk, Trog's Hand, Brothers in Arms


You were on level 2 of the Spider Nest.
You worshipped Trog.
Trog was exalted by your worship.
You visited 5 branches of the dungeon, and saw 23 of its levels.

You collected 3091 gold pieces.
You spent 174 gold pieces at shops.

Inventory:

Hand Weapons
 C - the +6 war axe "Xasak" {vorpal, Dex+6}
   (Trog gifted it to you on level 2 of the Orcish Mines)

   It inflicts extra damage upon your enemies.
   Dex:       It affects your dexterity (+6).
 K - the +0 battleaxe of Lechof (weapon) {freeze, rPois rF++ Stlth-}
   (You acquired it on level 11 of the Dungeon)

   It freezes those it strikes, dealing additional cold damage.
   It can also slow down cold-blooded creatures.
   rF:        It greatly protects you from fire.
   rPois:     It protects you from poison.
   Stlth:     It makes you less stealthy.
 Q - a +1 battleaxe of flaming
 U - a +0 vorpal executioner's axe
Missiles
 r - a throwing net (quivered)
Armour
 a - the +0 mask of the Dragon (worn) {Will+ Slay+3 SInv}
   (You acquired it on level 11 of the Dungeon)

   Slay:      It affects your accuracy & damage with ranged weapons and melee
   (+3).
   SInv:      It lets you see invisible.
   Will:      It increases your willpower.
 n - a +2 pair of boots (worn)
 v - a +0 pair of gloves (worn)
 D - a +2 cloak of preservation (worn)
 I - a +3 plate armour (worn)
Jewellery
 g - a ring of fire
 h - a ring of willpower
 i - a ring of protection from cold
 B - an amulet of regeneration (around neck)
 F - a +4 ring of slaying (right hand)
 P - a +4 ring of evasion (left hand)
Wands
 d - a wand of mindburst (4)
 j - a wand of acid (12)
 o - a wand of flame (13)
 y - a wand of digging (4)
 z - a wand of charming (36)
 S - a wand of polymorph (3)
 T - a wand of iceblast (3)
Scrolls
 b - 4 scrolls of butterflies
 e - 3 scrolls of identify
 f - 2 scrolls of magic mapping
 l - 3 scrolls of fear
 u - 2 scrolls of silence
 x - 5 scrolls of summoning
 E - 2 scrolls of blinking
 H - 3 scrolls of enchant weapon
 J - a scroll of poison
 M - 2 scrolls of brand weapon
 R - 2 scrolls of teleportation
Potions
 k - 5 potions of lignification
 m - 2 potions of berserk rage
 p - a potion of invisibility
 q - 4 potions of might
 s - 9 potions of curing
 t - 3 potions of mutation
 w - 3 potions of heal wounds
 L - a potion of cancellation
 N - 8 potions of ambrosia
 O - 3 potions of haste
Miscellaneous
 A - a piece from Xom's chessboard (15/15)
 G - a tin of tremorstones (2/2)


   Skills:
 + Level 16.4 Fighting
 + Level 15.5 Axes
 + Level 16.3 Armour
 - Level 14.6 Stealth
 - Level 3.5 Shields


You had 14 spell levels left.
You didn't know any spells.
Your spell library contained the following spells:

 Spells                   Type           Power      Damage    Failure   Level
 Magic Dart               Conj           0%         1d3       94%         1
 Poisonous Vapours        Pois/Air       0%         N/A       98%         2
 Searing Ray              Conj           0%         2d4       98%         2
 Portal Projectile        Hex/Tloc       0%         N/A       100%        3
 Tukima's Dance           Hex            0%         N/A       100%        3
 Corpse Rot               Necr/Pois/Air  0%         N/A       100%        4
 Dispel Undead            Necr           0%         3d6       100%        4
 Fulminant Prism          Conj/Hex       0%         3d6       100%        4
 Olgreb's Toxic Radiance  Pois           0%         N/A       100%        4
 Petrify                  Tmut/Erth      0%         N/A       100%        4
 Blade Hands              Tmut           0%         N/A       100%        5
 Irradiate                Conj/Tmut      0%         3d11      100%        5
 Death Channel            Necr           0%         N/A       100%        6
 Ozocubu's Refrigeration  Ice            0%         4d7       100%        7
 Ignition                 Fire           0%         3d3       100%        8
 Sublimation of Blood     Necr           Unusable   N/A       N/A         2

Dungeon Overview and Level Annotations

Branches:
Dungeon (12/15)            Temple (1/1) D:7            Lair (5/5) D:8
  Swamp (0/4) Lair:3       Spider (3/4) Lair:2        Slime (0/5) Lair:4
    Orc (2/2) D:9             Elf (0/3) Orc:2

Altars:
Ashenzari
Cheibriados
Dithmenos
Elyvilon
Fedhas
Gozag
Hepliaklqana
Kikubaaqudgha
Makhleb
Nemelex Xobeh
Okawaru
Qazlal
Ru
Sif Muna
Trog
Uskayaw
Vehumet
Wu Jian
Xom
Yredelemnul
Zin
The Shining One

Shops:
D:5 [   D:9 (**([   Orc:2 *!*=[


Innate Abilities, Weirdness & Mutations

You are immune to sickness and miasma.
Your stone body is resilient. (AC +11)
You are immune to poison.
Your large and strong wings let you fly.
You resist negative energy. (rN+)
You are resistant to electric shocks. (rElec)
You are resistant to unholy torment.
You are immune to petrification.
You possess an exceptional clarity of mind.
Your flesh is cold resistant. (rC+)


Message History

The wolf spider bites you!
* * * LOW HITPOINT WARNING * * *
Okay, then.
You feel much better.
The wolf spider's soul is no longer bound.
The wolf spider hits you!
* * * LOW HITPOINT WARNING * * *
The wolf spider bites you!
* * * LOW HITPOINT WARNING * * *
The wolf spider barely misses you.
The wolf spider bites you but does no damage.
You slice the wolf spider!! You freeze the wolf spider.
You kill the wolf spider!
Trog accepts your kill.
You closely miss the wolf spider. The wolf spider closely misses you.
The wolf spider bites you but does no damage.
The wolf spider barely misses you. x2
You slash the wolf spider! You freeze the wolf spider.
The wolf spider is almost dead.
The wolf spider barely misses you. The wolf spider misses you.
You closely miss the wolf spider.
The wolf spider is almost dead.
The wolf spider hits you.
* * * LOW HITPOINT WARNING * * *
The wolf spider bites you but does no damage.
You closely miss the wolf spider.
The wolf spider is almost dead.
The wolf spider closely misses you.
The wolf spider bites you but does no damage.
The wolf spider hits you!
* * * LOW HITPOINT WARNING * * *
The wolf spider bites you but does no damage.
You barely miss the wolf spider.
The wolf spider is almost dead.
The wolf spider hits you but does no damage.
The wolf spider bites you but does no damage.
You closely miss the wolf spider.
The wolf spider is almost dead.
The wolf spider hits you!
You die...

##### ### ##...#####.## ####
##...^..#....## #..#
#.............# ##...
#...#......#..# ### ##....
#.............####.### ###....#
#..............##....# #....###
#^...................####....#
#..............@............###
#^..........###.s.#........##.##
#............###..##...#=.>....#
###^.........# ###########......
#..^.......# #.......
####.....<..## ##......
#...........# #####.....
#...†.......## #..#...##.
#........#...# #.....#...


You could see a wolf spider.

Vanquished Creatures
  Gastronok (D:8)
  2 orc warlords (Orc:1)
  2 spark wasps
  2 entropy weavers
  A jorogumo (Spider:2)
  2 hydras
  4 boulder beetles
  A radroach (Spider:1)
  A ghost crab (Spider:1)
  3 two-headed ogres
  An alligator (Lair:5)
  6 death yaks (Lair:1)
  3 orc high priests
  Nergalle (Lair:2)
  Sonja (Lair:1)
  Lodul (D:11)
  A sun moth (Spider:2)
  2 pharaoh ants
  4 steelbarb worms
  2 orb spiders (Spider:1)
  2 bog bodies (Lair:3)
  3 orc sorcerers
  6 orc knights
  7 wolf spiders
  3 ugly things
  4 black mambas
  6 elephants
  3 manticores
  A moth of wrath (Spider:2)
  14 cane toads
  Maggie (D:7)
  6 demonic crawlers
  A torpor snail (Spider:2)
  An unseen horror (D:12)
  6 komodo dragons
  A queen bee (Lair:3)
  4 trolls
  11 tarantellas
  13 polar bears
  23 blink frogs
  A meliai (Lair:2)
  2 slime creatures (D:11)
  11 dream sheep
  2 raiju (Lair:5)
  6 tyrant leeches (Spider:1)
  Prince Ribbit (D:7)
  10 jumping spiders
  2 wraiths
  Sigmund (D:3)
  5 culicivoras
  4 wyverns
  21 yaks
  4 shadows
  A vampire (D:11)
  6 basilisks
  A steam dragon (D:6)
  Eustachio (D:4)
  19 redbacks
  10 vampire mosquitoes
  6 wargs
  An acid dragon (D:8)
  3 swamp worms (Lair:3)
  15 hell hounds (Lair:5)
  10 water moccasins
  31 orc warriors
  A sky beast (D:8)
  3 ice beasts
  11 black bears (Lair:5)
  12 ogres
  23 wolves
  4 centaurs
  2 phantoms
  5 kobold brigands
  12 bullfrogs
  A necrophage (D:8)
  2 scorpions
  35 killer bees
  3 troll zombies (D:9)
  5 howler monkeys
  5 electric eels
  9 orc priests
  7 hounds
  A jelly (D:6)
  Crazy Yiuf (D:6)
  8 iguanas
  2 gnoll boudas
  29 orc wizards
  5 ogre zombies (D:9)
  8 adders
  5 gnolls (D:8)
  A shadow imp (D:6)
  2 white imps (D:7)
  2 worms (D:3)
  A dart slug (D:2)
  85 orcs
  8 endoplasms
  2 giant cockroaches
  7 goblins
  5 hobgoblins
  3 jackals (D:2)
  2 quokkas
  9 ball pythons
  9 bats
  2 frilled lizards (D:3)
  A goblin skeleton (D:9)
  2 goblin zombies (D:9)
  5 hobgoblin zombies (D:9)
  25 kobolds
  3 orc skeletons (D:9)
  14 orc zombies (D:9)
  5 rats
723 creatures vanquished.

Vanquished Creatures (others)
  An unseen horror (D:11)
  A jumping spider (Spider:1)
  A human (D:4)
  2 orcs (Orc:2)
  A bush (Lair:1)
  16 fungi
  36 plants
58 creatures vanquished.

Grand Total: 781 creatures vanquished

Notes
Turn   | Place    | Note
-------+----------+-------------------------------------------
     0 | D:1      | Kel the Gargoyle Fighter began the quest for the Orb.
     0 | D:1      | Reached XP level 1. HP: 14/14 MP: 1/1
    69 | D:1      | Found a faded altar of an unknown god.
   349 | D:1      | Reached XP level 2. HP: 19/19 MP: 2/2
   743 | D:1      | Reached XP level 3. HP: 23/23 MP: 3/3
  1275 | D:2      | Reached XP level 4. HP: 26/28 MP: 4/4
  1863 | D:3      | Noticed Sigmund
  1876 | D:3      | Killed Sigmund
  1877 | D:3      | Reached skill level 5 in Axes
  1877 | D:3      | Reached XP level 5. HP: 25/32 MP: 5/5
  1877 | D:3      | Reached XP level 6. HP: 29/37 MP: 6/6
  3482 | D:4      | Noticed Eustachio
  3513 | D:4      | Killed Eustachio
  3514 | D:4      | Reached XP level 7. HP: 11/41 MP: 7/7
  3756 | D:4      | Found a shimmering blue altar of Sif Muna.
  4082 | D:4      | Found an iron altar of Okawaru.
  4088 | D:4      | Found a sacrificial altar of Ru.
  4093 | D:4      | Found a shimmering altar of Xom.
  4271 | D:4      | Found an ancient bone altar of Kikubaaqudgha.
  4272 | D:4      | Noticed a human
  4274 | D:4      | Killed a human
  4393 | D:5      | Entered Level 5 of the Dungeon
  5028 | D:5      | Reached XP level 8. HP: 43/46 MP: 8/8
  5120 | D:5      | Found Lawnadiq's Antique Armour Boutique.
  5173 | D:5      | HP: 2/46 [ogre/+0 giant club (8)]
  6128 | D:6      | Reached skill level 10 in Axes
  6210 | D:6      | Reached XP level 9. HP: 49/52 MP: 9/9
  6348 | D:6      | Found a runed translucent door.
  6349 | D:6      | Noticed Crazy Yiuf
  7036 | D:6      | Killed Crazy Yiuf
  7210 | D:7      | Noticed Prince Ribbit
  7230 | D:7      | Killed Prince Ribbit
  7231 | D:7      | Reached skill level 5 in Fighting
  7231 | D:7      | Reached skill level 5 in Armour
  7350 | D:7      | Noticed Maggie
  7373 | D:7      | Killed Maggie
  7439 | D:7      | Found a basalt altar of Yredelemnul.
  7529 | D:7      | Found a staircase to the Ecumenical Temple.
  7584 | D:7      | Found a white marble altar of Elyvilon.
  7719 | D:7      | Found a glowing golden altar of the Shining One.
  8012 | D:8      | Noticed a komodo dragon
  8340 | D:8      | Noticed Gastronok
  8455 | Temple   | Entered the Ecumenical Temple
  8677 | Temple   | Became a worshipper of Trog the Wrathful
  9119 | D:8      | Gained mutation: Your flesh is cold resistant. (rC+)
                  | [potion of mutation]
  9119 | D:8      | Gained mutation: You possess an exceptional clarity of
                  | mind. [potion of mutation]
  9371 | D:8      | Noticed a komodo dragon
  9382 | D:8      | Killed a komodo dragon
  9383 | D:8      | Reached XP level 10. HP: 61/61 MP: 10/10
  9690 | D:9      | Found Bauti Goti's Antique Weapon Shop.
  9700 | D:9      | Found Qulifemi's General Store.
  9733 | D:9      | Found a staircase to the Orcish Mines.
  9947 | D:9      | Found an ornate altar of the Wu Jian Council.
 10037 | D:9      | Reached * piety under Trog
 10041 | D:9      | Found Kuddeg's Armour Boutique.
 10180 | D:9      | Reached ** piety under Trog
 10236 | D:9      | Found Ahunwynk's General Store.
 10257 | D:9      | Found Plog's Antique Weapon Boutique.
 10755 | D:10     | Entered Level 10 of the Dungeon
 10973 | D:10     | Reached XP level 11. HP: 31/71 MP: 11/11
 11026 | D:10     | Reached *** piety under Trog
 11337 | D:11     | Noticed a two-headed ogre
 11342 | D:11     | Killed a two-headed ogre
 11476 | D:11     | Reached skill level 10 in Fighting
 11476 | D:11     | Reached skill level 10 in Armour
 11854 | D:11     | Noticed a purple ugly thing
 11884 | D:11     | Killed a purple ugly thing
 11885 | D:11     | Noticed a white ugly thing
 11899 | D:11     | Killed a white ugly thing
 11972 | D:11     | Noticed a manticore
 11989 | D:11     | Killed a manticore
 12086 | D:11     | Noticed Lodul
 12098 | D:11     | Killed Lodul
 12256 | D:11     | Identified 3 scrolls of acquirement
 12257 | D:11     | Acquired a manual of Stealth
 12261 | D:11     | Acquired the +0 battleaxe of Lechof {freeze, rPois rF++
                  | Stlth-}
 12273 | D:11     | Acquired the +0 mask of the Dragon {Will+ Slay+3 SInv}
 12273 | D:11     | Found the +0 mask of the Dragon {Will+ Slay+3 SInv}
 12643 | D:12     | Reached skill level 1 in Stealth
 12667 | D:12     | Noticed a manticore
 12672 | D:12     | Killed a manticore
 12761 | D:12     | Noticed a cyan ugly thing
 12768 | D:12     | Killed a cyan ugly thing
 12769 | D:12     | Reached XP level 12. HP: 79/80 MP: 12/12
 12897 | D:12     | Noticed a two-headed ogre
 12904 | D:12     | Killed a two-headed ogre
 13009 | D:12     | Noticed a boulder beetle
 13026 | D:12     | Killed a boulder beetle
 13130 | D:12     | Reached skill level 5 in Stealth
 13233 | D:12     | Noticed an eight-headed hydra
 13420 | D:8      | Killed Gastronok
 13631 | D:8      | Reached **** piety under Trog
 13680 | D:8      | Found a staircase to the Lair.
 13958 | Lair:1   | Entered Level 1 of the Lair of Beasts
 14015 | Lair:1   | Noticed Sonja
 14018 | Lair:1   | Killed Sonja
 14174 | Lair:1   | Noticed a death yak
 14175 | Lair:1   | Noticed a death yak
 14175 | Lair:1   | Noticed a death yak
 14175 | Lair:1   | Noticed a death yak
 14177 | Lair:1   | Noticed a death yak
 14178 | Lair:1   | Noticed a death yak
 14186 | Lair:1   | Killed a death yak
 14192 | Lair:1   | Killed a death yak
 14201 | Lair:1   | Killed a death yak
 14207 | Lair:1   | Killed a death yak
 14216 | Lair:1   | Killed a death yak
 14221 | Lair:1   | Killed a death yak
 14283 | Lair:1   | Reached XP level 13. HP: 79/87 MP: 13/13
 14744 | Lair:2   | Noticed Nergalle
 14763 | Lair:2   | Killed Nergalle
 14780 | Lair:2   | Reached skill level 10 in Stealth
 14897 | Lair:2   | Found a hide-covered altar of Uskayaw.
 14897 | Lair:2   | Found an ornate altar of the Wu Jian Council.
 15009 | Lair:2   | Found a hole to the Spider Nest.
 15136 | Lair:2   | Reached ***** piety under Trog
 15998 | Lair:3   | Received a gift from Trog
 16517 | Lair:3   | Found a staircase to the Swamp.
 16811 | Lair:4   | Gained mutation: Your large and strong wings let you fly.
                  | [Gargoyle growth]
 16811 | Lair:4   | Reached XP level 14. HP: 88/95 MP: 14/14
 16853 | Lair:4   | Found a staircase to the Slime Pits.
 16951 | Lair:4   | Found a gate leading to a gauntlet.
 17037 | Lair:4   | Found a basalt altar of Yredelemnul.
 17504 | Lair:5   | Entered Level 5 of the Lair of Beasts
 17660 | Lair:5   | Received a gift from Trog
 18735 | Orc:1    | Entered Level 1 of the Orcish Mines
 19101 | Orc:2    | Entered Level 2 of the Orcish Mines
 19201 | Orc:2    | Noticed an orc warlord
 19236 | Orc:1    | Killed an orc warlord
 19437 | Orc:2    | Reached ****** piety under Trog
 19536 | Orc:2    | Noticed an orc warlord
 19578 | Orc:1    | Killed an orc warlord
 19694 | Orc:2    | Found a staircase to the Elven Halls.
 19836 | Orc:2    | Identified the +6 war axe "Xasak" {vorpal, Dex+6} (Trog
                  | gifted it to you on level 2 of the Orcish Mines)
 19836 | Orc:2    | Received a gift from Trog
 19837 | Orc:2    | Reached skill level 15 in Fighting
 19879 | Orc:1    | Reached skill level 15 in Armour
 19979 | Orc:2    | Reached XP level 15. HP: 95/103 MP: 15/15
 20229 | Orc:2    | Found Zyaw's Assorted Antiques.
 20576 | Orc:2    | Found Ybluucwi's Distillery.
 20576 | Orc:2    | Found Cuatox's Antique Armour Emporium.
 20578 | Orc:2    | Found Okolut Beog's General Store.
 20578 | Orc:2    | Found Toddaor's Jewellery Emporium.
 20587 | Orc:2    | Bought a scroll of brand weapon for 114 gold pieces
 20587 | Orc:2    | Bought a potion of berserk rage for 60 gold pieces
 20823 | Spider:1 | Entered Level 1 of the Spider Nest
 21509 | Spider:1 | Received a gift from Trog
 21693 | Spider:1 | Reached skill level 15 in Axes
 22105 | Spider:2 | Identified the +3 leather armour of Gozag's Whim {Stlth+}
 22799 | Spider:3 | Received a gift from Trog
 22846 | Spider:2 | HP: 4/105 [wolf spider (12)]
 22848 | Spider:2 | Mangled by a wolf spider

Illustrated notes

Levels and vault maps discovered:
D:1:      minmay_arrival_arboretum_large, layout_loops_ring,
          shapermc_ecumenical_altar_acropolis, chequers_serial_rivers_micro_c,
          chequers_serial_rivers_large_b, nicolae_concentric_dashed_squares_wild
D:2:      minmay_spotlight, layout_loops_ring, serial_forest,
          infiniplex_forest_lined_4_way, infiniplex_forest_lined_corner,
          infiniplex_forest_lined_2, infiniplex_forest_lined_ring,
          infiniplex_forest_lined_2, infiniplex_forest_clump_long,
          infiniplex_forest_fountain, infiniplex_forest_corner_1,
          minmay_misc_feat_chi, minivault_23
D:3:      minmay_evil_eye, layout_basic, uniq_sigmund
D:4:      layout_cave_pods, nicolae_sif_muna_little_library,
          minmay_overflow_temple_star_quad, tgw_kikubaaqudgha,
          chequers_serial_rivers_small_a, ebering_dispersal_statue_hall,
          minmay_unequal, uniq_eustachio
D:5:      layout_rooms, serial_shops, nicolae_shop_overgrown_old_shop,
          kennysheep_generic_room_9
D:6:      layout_loops_ring, serial_park_tiny_pond, uniq_crazy_yiuf_cottage
D:7:      layout_basic, kennysheep_ying_yang, mainiacjoe_overflow_boulevard,
          minmay_temple_entry_hall, minivault_11, lightli_orcish_oven,
          uniq_prince_ribbit1, uniq_maggie
D:8:      layout_cave_pods, erik_lair_dragon, grunt_ministairs_14,
          hellmonk_bongcloud_opening, uniq_gastronok
D:9:      layout_roguey, mainiacjoe_overflow_alcove_1, zombieorc2_lemuel,
          serial_shops, nicolae_inconvenience_store, kennysheep_mini,
          nicolae_shop_trees, shop, nicolae_shop_crystal
D:10:     layout_rooms, dk_noncrumbling_4, pond
D:11:     layout_basic, uniq_lodul
D:12:     layout_loops_corners
Temple:   nicolae_temple_figure_eight
Lair:1:   layout_roguey, lemuel_fruit_fields, grunt_megastairs_5, uniq_sonja
Lair:2:   layout_loops_ring, hellmonk_spider_entry_not_the_bees,
          nzn_masters_of_martial_movement, uniq_nergalle
Lair:3:   layout_hall_layers, nicolae_swamp_entry_splash_gauntlet, special_room
          [special_room_bee], st_stairs_10, dpeg_stationary_puzzle
Lair:4:   layout_small_grid, dpeg_slime_entry_enclosed, basic_altar,
          gauntlet_entry_generic, grunt_megastairs_4, lemuel_fruit_fields
Lair:5:   hangedman_lair_caniforms_friends, layout_long_grid,
          serial_bayou_shore_a
Spider:1: nicolae_spider_mines_2, nicolae_spider_swamp_cousins
Spider:2: layout_spider_delve
Spider:3: layout_spider_delve
Orc:1:    layout_diamond_mine, basic_altar, roderic_batcave
Orc:2:    grunt_orc_tribal_feast, layout_caves, serial_shops, shop_coins,
          guppyfry_library_mini

Skill      XL: |  1  2  3  4  5  6  7  8  9 10 11 12 13 14 15 |
---------------+----------------------------------------------+-----
Axes           | 2 3 5 6 8 10 11 12 13 14 15 | 15.5
Fighting       | 6 9 11 12 13 15 16 | 16.4
Armour         | 6 9 11 12 13 15 16 | 16.3
Stealth        | 2 9 12 14 | 14.6
Shields        | |  3.5

Action                   |  1- 3 |  4- 6 |  7- 9 | 10-12 | 13-15 || total
-------------------------+-------+-------+-------+-------+-------++-------
Melee: War axe           |   103 |   201 |   119 |       |       ||   423
       Hand axe          |       |       |   136 |       |       ||   136
       Broad axe         |       |       |    82 |   389 |       ||   471
       Battleaxe         |       |       |       |   166 |  1137 ||  1303
       Unarmed           |       |       |       |       |    22 ||    22
       Punch             |       |       |       |       |     1 ||     1
Invok: Berserk           |       |       |       |     2 |     2 ||     4
Evoke: Piece from Xom's  |       |       |     1 |       |       ||     1
       Wand              |       |       |       |     1 |    18 ||    19
  Use: Scroll            |       |       |     8 |    12 |    12 ||    32
       Potion            |       |       |     4 |     3 |     4 ||    11
 Stab: Invisible         |       |       |       |     1 |       ||     1
Armor: Scale mail        |    29 |       |       |       |       ||    29
       Chain mail        |    53 |   138 |   221 |   180 |       ||   592
       Plate armour      |       |       |       |   246 |  1380 ||  1626
Dodge: Dodged            |    54 |    84 |    97 |   188 |  1004 ||  1427
Block: Buckler           |    22 |    43 |    54 |    69 |       ||   188
